AoeStats
← Ligrete

Arabia

509491917Analyzed
2v2 RM · 4d ago on Sep 27, 2026· 53m 7s· 4 players
Game mode
Random Map
Map size
Medium (4 player)
Population
200
Speed
Normal
Resources
Standard
Victory
Conquest
Starting age
Dark Age
Ending age
Imperial Age
RankedLock teamsTeams togetherTeam positionsShared explorationLock speedFull tech treeHidden civsTurbo modeCheats
Victory
Defeat
🇯🇵 Portuguese · Japan
1124
+13
🇷🇺 Slavs · Russia
1107
+13
🇺🇸 Inca · United States
1068
-14
🇳🇴 Bulgarians · Norway
1031
-12
Ligrete
7:59 Loom
9:45 Feudal Age
11:01 Double-Bit Axe
11:29 Horse Collar
16:01 Scale Barding Armor
17:18 Wheelbarrow
16:55 Forging
20:58 Castle Age
19:12 Gold Mining
20:50 Bloodlines
21:46 Husbandry
22:39 Bow Saw
23:55 Chain Barding Armor
26:47 Iron Casting
30:59 Town Watch
32:02 Fletching
39:56 Imperial Age
37:43 Hand Cart
37:29 Town Patrol
37:47 Scale Mail Armor
40:02 Cavalier
41:18 Plate Barding Armor
41:45 Blast Furnace
41:39 Detinets
44:28 Hoardings
44:52 Gold Shaft Mining
44:08 Stone Mining
45:23 Siege Engineers
46:09 Conscription
45:49 Elite Boyar
50:19 Heavy Scorpion
51:16 Heavy Plow
53:19 Masonry
hohoho
9:05 Loom
11:15 Feudal Age
12:04 Double-Bit Axe
23:32 Castle Age
23:15 Fletching
27:34 Bloodlines
30:50 Bow Saw
31:04 Horse Collar
37:28 Imperial Age
35:00 Heavy Plow
36:03 Forging
35:59 Scale Barding Armor
35:56 Husbandry
38:03 Wheelbarrow
37:51 Chain Barding Armor
38:06 Iron Casting
38:31 Elite Organ Gun
39:35 Conscription
39:13 Gold Mining
39:14 Stone Mining
41:38 Two-Man Saw
41:11 Crop Rotation
40:33 Cavalier
42:33 Stone Shaft Mining
44:34 Plate Barding Armor
44:41 Capped Ram
45:04 Light Cavalry
48:42 Hand Cart
48:51 Ballistics
49:32 Chemistry
48:55 Ballistics
48:47 Masonry
49:41 Blast Furnace
48:36 Bodkin Arrow
52:40 Bracer
52:40 Padded Archer Armor
Dreamchasers_
8:17 Loom
10:46 Feudal Age
11:34 Arson
14:50 Wheelbarrow
21:59 Castle Age
20:11 Fletching
20:56 Scale Mail Armor
21:57 Forging
22:57 Double-Bit Axe
22:59 Horse Collar
24:34 Bloodlines
24:35 Scale Barding Armor
31:51 Iron Casting
32:07 Bodkin Arrow
32:47 Chain Barding Armor
32:02 Pikeman
32:43 Squires
42:05 Heavy Plow
46:02 Imperial Age
44:45 Husbandry
44:45 Stirrups
45:38 Bow Saw
46:00 Chain Mail Armor
48:02 Blast Furnace
47:45 Plate Barding Armor
49:15 Elite Konnik
52:12 Hand Cart
Leo.Brunix
7:21 Loom
12:41 Feudal Age
16:32 Castle Age
16:19 Double-Bit Axe
16:29 Champi Runner
17:21 Champi Warrior
19:41 Scale Mail Armor
20:55 Fletching
24:07 Forging
23:44 Pikeman
25:05 Wheelbarrow
26:05 Iron Casting
25:50 Horse Collar
26:41 Town Watch
28:34 Bow Saw
28:42 Squires
29:01 Chain Mail Armor
34:49 Imperial Age
33:35 Heavy Plow
35:23 Hand Cart
37:29 Conscription
38:35 Plate Mail Armor
38:46 Crop Rotation
39:16 Town Patrol
40:20 Hoardings
40:51 Elite Kamayuk
42:52 Blast Furnace
43:40 Halberdier
46:46 Heavy Scorpion
Connection lost

Rejoining the realm…

Still unreachable

The connection could not be restored.

Session expired

The server has moved on; the page needs a fresh start.